 Dungeon Crawl Stone Soup version 0.24.1-14-gf8d2b509d9 (webtiles) character file.

Game seed: 1571827639530519530, levelgen mode: deterministic

11 Hugehornet the Cudgeler (level 2, 0/29 HPs)
             Began as a Troll Fighter on May 22, 2020.
             Slain by a leopard gecko (4 damage)
             ... on level 1 of the Dungeon.
             The game lasted 00:00:31 (230 turns).

Hugehornet the Cudgeler (Troll Fighter)              Turns: 230, Time: 00:00:31

Health: 0/29       AC:  6    Str: 23    XL:     2   Next: 13%
Magic:  1/1        EV:  8    Int:  4    God:
Gold:   0          SH:  8    Dex:  9    Spells: 1/1 levels left

rFire    . . .     SeeInvis .   a - +0 flail
rCold    . . .     Gourm    +   c - +0 shield
rNeg     . . .     Faith    .   b - +0 robe
rPois    .         Spirit   .   (helmet restricted)
rElec    .         Reflect  .   (no cloak)
rCorr    .         Harm     .   (gloves unavailable)
MR       .....                  (boots unavailable)
Stlth    +.........             (no amulet)
HPRegen  0.49/turn              (no ring)
MPRegen  0.07/turn              (no ring)

@: lethally poisoned (0 -> 0)
A: large, unfitting armour, claws 3, fast metabolism 3, gourmand, regeneration
1, shaggy fur 1, tough skin 3
a: no special abilities


You were on level 1 of the Dungeon.
You were full.

You visited 1 branch of the dungeon, and saw 1 of its levels.

Inventory:

Hand Weapons
 a - a +0 flail (weapon)
Armour
 b - a +0 robe (worn)
 c - a +0 shield (worn)
Jewellery
 h - an uncursed ring of resist corrosion {unknown}
Scrolls
 e - a scroll of enchant weapon {unknown}
 g - a scroll of fog {unknown}
 i - a scroll of immolation {unknown}
Potions
 d - 3 potions of might
Comestibles
 f - 3 rations


   Skills:
 - Level 2.4 Fighting
 + Level 2.6 Maces & Flails
 - Level 2.4 Dodging
 - Level 2.4 Shields


You had one spell level left.
You didn't know any spells.
Your spell library was empty.

Dungeon Overview and Level Annotations

Branches:
Dungeon (1/15)

Altars:


Innate Abilities, Weirdness & Mutations

You are too large for most types of armour.
You have claws for hands.
Your metabolism is lightning-fast.
You like to eat raw meat.
Your natural rate of healing is unusually fast.
You are covered in fur. (AC +1)
You have extremely tough skin. (AC +3)


Message History

You barely miss the hobgoblin. The hobgoblin closely misses you.
You barely miss the hobgoblin.
You feel sick.
The hobgoblin hits you but does no damage.
You closely miss the hobgoblin.
You feel sick. You block the hobgoblin's attack.
The hobgoblin closely misses you.
You closely miss the hobgoblin.
The hobgoblin hits you but does no damage.
You barely miss the hobgoblin.
You feel sick. You block the hobgoblin's attack.
You closely miss the hobgoblin. The hobgoblin barely misses you. x2
You hit the hobgoblin but do no damage.
The hobgoblin hits you but does no damage.
You closely miss the hobgoblin.
You feel sick.
The hobgoblin hits you but does no damage.
You closely miss the hobgoblin. The hobgoblin hits you with a +0 club.
* * * LOW HITPOINT WARNING * * *
You sock the hobgoblin!
You kill the hobgoblin!
You hit the leopard gecko but do no damage.
You feel sick. The leopard gecko bites you.
You die...

..... ........# #...#
#......?## #...# #........#
#...# #........## ### #...#
#..)...#... ##.###...#
#.#..#...## ##...##...#
#.#†........
####.....#...#####........##.
#.........#...@lg...####.....
#...........#####........####
#.#......÷#.##...........#
#.....#........##...#.##.#
###.#.#...###.####.###..##.#
.........## #>####.# #.....#
#####.#### #......###.###.#
#.# ####.###..).......# #.#
#........##.#.#####


You could see a leopard gecko and a hobgoblin.

Vanquished Creatures
  4 hobgoblins (D:1)
  A kobold (D:1)
  3 bats (D:1)
  A frilled lizard (D:1)
  A rat (D:1)
10 creatures vanquished.

Notes
Turn   | Place    | Note
-------+----------+-------------------------------------------
     0 | D:1      | Hugehornet the Troll Fighter began the quest for the Orb.
     0 | D:1      | Reached XP level 1. HP: 22/22 MP: 0/0
   202 | D:1      | Reached XP level 2. HP: 27/29 MP: 1/1
   230 | D:1      | Slain by a leopard gecko

Levels and vault maps discovered:
D:1:      psy_arrival_fountain, layout_loops_cross, okawaru_ov_weapons_minmay

Skill      XL: |  1 |
---------------+----+-----
Maces & Flails | 2 |  2.6
Fighting       | |  2.4
Dodging        | |  2.4
Shields        | |  2.4

Action                   || total
-------------------------++-------
Melee: Flail             ||    48
  Eat: Chunk             ||     4
Armor: Robe              ||    32
Dodge: Dodged            ||    29
Block: Shield            ||    41
